AoeStats
← DasEd86

Arena

509935995Analyzed
2v2 RM · 3d ago on Sep 28, 2026· 37m 38s· 4 players
Game mode
Random Map
Map size
Medium (4 player)
Population
200
Speed
Normal
Resources
Standard
Victory
Conquest
Starting age
Dark Age
Ending age
Imperial Age
RankedLock teamsTeams togetherTeam positionsShared explorationLock speedFull tech treeHidden civsTurbo modeCheats
Victory
Defeat
🇩🇪 Goths · Germany
1090
+17
🇩🇪 Franks · Germany
1024
+19
🇱🇻 Goths · Latvia
1118
-19
🇮🇳 Franks · India
1083
-17
Kaniel Outiss
6:11 Loom
10:32 Feudal Age
11:26 Double-Bit Axe
15:16 Castle Age
18:16 Bow Saw
18:25 Horse Collar
20:27 Squires
22:46 Wheelbarrow
24:08 Stone Mining
25:23 Hand Cart
25:50 Stone Shaft Mining
26:09 Forging
26:00 Scale Mail Armor
27:03 Gold Mining
28:20 Town Watch
29:38 Iron Casting
29:24 Chain Mail Armor
28:32 Pikeman
32:07 Imperial Age
30:57 Anarchy
32:08 Fletching
33:21 Halberdier
WhiskeyTangoFoxtrot
9:19 Feudal Age
10:06 Double-Bit Axe
13:41 Scale Barding Armor
16:18 Castle Age
16:32 Scale Barding Armor
16:38 Forging
16:22 Gold Mining
16:24 Stone Mining
21:00 Bow Saw
21:00 Town Watch
25:30 Chain Barding Armor
27:27 Murder Holes
27:52 Ballistics
32:31 Imperial Age
33:36 Conscription
32:43 Cavalier
loremrexus
10:32 Feudal Age
10:08 Loom
14:24 Castle Age
12:35 Double-Bit Axe
14:46 Wheelbarrow
15:42 Bow Saw
20:35 Forging
20:59 Scale Mail Armor
23:45 Iron Casting
23:45 Chain Mail Armor
24:05 Gambesons
24:20 Squires
24:21 Gold Mining
24:56 Arson
28:44 Imperial Age
26:02 Town Watch
27:01 Hand Cart
28:33 Stone Mining
29:50 Conscription
30:42 Blast Furnace
30:13 Plate Mail Armor
29:22 Elite Throwing Axeman
31:39 Masonry
31:27 Fletching
32:37 Gold Shaft Mining
32:36 Siege Engineers
33:53 Bodkin Arrow
34:22 Murder Holes
34:58 Architecture
34:40 Fortified Wall
34:50 Ballistics
38:28 Chemistry
37:09 Treadmill Crane
DasEd86
11:28 Feudal Age
15:55 Castle Age
14:00 Double-Bit Axe
13:56 Horse Collar
15:27 Loom
19:53 Scale Mail Armor
20:49 Chain Mail Armor
23:27 Squires
28:28 Imperial Age
26:36 Gold Mining
27:27 Forging
29:29 Iron Casting
29:04 Fletching
33:06 Blast Furnace
33:06 Conscription
34:33 Elite Huskarl
Connection lost

Rejoining the realm…

Still unreachable

The connection could not be restored.

Session expired

The server has moved on; the page needs a fresh start.